 Dungeon Crawl Stone Soup version 0.27-a0-1202-ge72e49191c (webtiles) character file.

Game seed: 13168390847163097154

837 27snakeeyes612 the Chopper (level 7, -2/66 HPs)
             Began as a Naga Fighter on June 4, 2021.
             Killed from afar by an acid dragon (7 damage)
             ... with a splash of acid
             ... on level 5 of the Dungeon.
             The game lasted 00:04:22 (5686 turns).

27snakeeyes612 the Chopper (Naga Fighter)           Turns: 5686, Time: 00:04:23

Health: -2/66      AC: 11    Str: 20    XL:     7   Next: 99%
Magic:  7/7        EV:  4    Int:  8    God:
Gold:   293        SH:  9    Dex: 11    Spells: 6/6 levels left

rFire    . . .     SeeInvis +   g - +2 hand axe (pain)
rCold    . . .     Faith    .   c - +0 kite shield
rNeg     . . .     Spirit   .   e - +1 storm dragon scales
rPois    +         Reflect  .   (no helmet)
rElec    +         Harm     .   l - +0 cloak
rCorr    .         Rampage  .   (no gloves)
Will     .....                  (no barding)
Stlth    ..........             (no amulet)
HPRegen  0.21/turn              (no ring)
MPRegen  0.10/turn              (no ring)

@: very slow
A: AC +2, large, see invisible, deformed body, poison resistance, slowness 2,
spit poison 1, naga tail 1
a: Spit Poison


You were on level 5 of the Dungeon.
You visited 1 branch of the dungeon, and saw 5 of its levels.

You collected 293 gold pieces.

Inventory:

Hand Weapons
 a - a +1 war axe
 g - a +2 hand axe of pain (weapon)
Armour
 b - a +0 scale mail
 c - a +0 kite shield (worn)
 e - +1 storm dragon scales (worn)
 l - a +0 cloak (worn)
Wands
 j - a wand of flame (13) (quivered)
 k - a wand of iceblast (7)
Scrolls
 f - 2 scrolls of enchant weapon
Potions
 d - a potion of flight


   Skills:
 + Level 4.4 Fighting
 + Level 5.4 Axes
 + Level 4.5 Armour
 + Level 1.4 Dodging
 + Level 0.5 Stealth
 + Level 3.6 Shields


You had 6 spell levels left.
You didn't know any spells.
Your spell library contained the following spells:

 Spells                   Type           Power      Damage    Failure   Level
 Confusing Touch          Hex            0%         N/A       100%        3
 Gell's Gravitas          Tloc           0%         N/A       100%        3
 Petrify                  Tmut/Erth      0%         N/A       100%        4
 Metabolic Englaciation   Hex/Ice        0%         N/A       100%        5
 Yara's Violent Unravell  Hex/Tmut       0%         3d3       100%        5


Dungeon Overview and Level Annotations

Branches:
Dungeon (5/15)
 Temple: D:4-7

Altars:


Innate Abilities, Weirdness & Mutations

Your serpentine skin is tough. (AC +2)
You have supernaturally acute eyesight. (SInv)
Armour fits poorly on your strangely shaped body.
Your system is resistant to poisons. (rPois)
You cover ground very slowly.
You can spit poison.
You have a snake-like lower body.


Message History

Unknown command.
Throw: dart (curare)
Press: ? - help, Q - select action, (/) - cycle Shift-Dir - straight line, f/p - acid dragon
Aim: an acid dragon (56% to hit)
You throw a curare-tipped dart.
The curare-tipped dart hits the acid dragon.
You block the acid dragon's attack.
The acid dragon claws you but does no damage.
Throw: throwing net
Press: ? - help, Q - select action, (/) - cycle Shift-Dir - straight line, f/p - acid dragon
Aim: an acid dragon (56% to hit)
You throw a throwing net.
The throwing net closely misses the acid dragon.
The acid dragon bites you but does no damage.
The acid dragon completely misses you. The acid dragon spits acid at you.
The splash of acid hits you!
You are splashed with acid!
* * * LOW HITPOINT WARNING * * *
You hear a bark!
Your storm dragon scales prevents you from hitting the acid dragon.
You block the acid dragon's attack. x2
Okay, then.
You hit the acid dragon.
The acid dragon is lightly wounded.
The acid dragon bites you.
* * * LOW HITPOINT WARNING * * *
You block the acid dragon's attack.
You barely miss the acid dragon.
The acid dragon is lightly wounded.
You block the acid dragon's attack. The acid dragon claws you.
* * * LOW HITPOINT WARNING * * *
You hit the acid dragon.
The acid dragon is moderately wounded.
The acid dragon barely misses you. The acid dragon claws you.
* * * LOW HITPOINT WARNING * * *
You slash the acid dragon!
The acid dragon is heavily wounded.
The acid dragon spits acid at you. The splash of acid hits you!
You die...

#(.# #..# #..# #..
#. # ##.. ###.# .#
:(# ##..###.# #D#
##....#.# #@#
##......#
#.#####......<#
#.............####
#...[.)...........
#..####.......####
....## #.#....(#
#.##### #.......#
#....#.## #.##.#.#


You could see an acid dragon (catching breath).

Vanquished Creatures
  A centaur zombie (D:5)
  2 ogres
  A centaur (D:5)
  Crazy Yiuf (D:3)
  Ijyb (D:3)
  Robin (D:1)
  6 adders
  A white imp (D:4)
  An ufetubus (D:4)
  3 dart slugs
  4 orcs
  5 bats
  6 endoplasms
  3 giant cockroaches
  17 goblins
  10 hobgoblins
  8 jackals
  2 quokkas
  6 ball pythons
  3 frilled lizards
  6 kobolds
  3 rats (D:2)
91 creatures vanquished.

Vanquished Creatures (others)
  A goblin (D:2)
1 creature vanquished.

Grand Total: 92 creatures vanquished

Notes
Turn   | Place    | Note
-------+----------+-------------------------------------------
     0 | D:1      | 27snakeeyes612 the Naga Fighter began the quest for the
                  | Orb.
     0 | D:1      | Reached XP level 1. HP: 21/21 MP: 1/1
    75 | D:1      | Found a faded altar of an unknown god.
   220 | D:1      | Reached XP level 2. HP: 27/28 MP: 2/2
   962 | D:1      | Reached XP level 3. HP: 27/34 MP: 3/3
  1753 | D:2      | Reached XP level 4. HP: 19/42 MP: 4/4
  1980 | D:2      | Noticed Robin
  2220 | D:1      | Killed Robin
  2221 | D:1      | Reached skill level 3 in Axes
  3029 | D:3      | Found a runed translucent door.
  3030 | D:3      | Noticed Crazy Yiuf
  3150 | D:3      | Reached XP level 5. HP: 35/49 MP: 5/5
  3478 | D:3      | Noticed Ijyb
  3505 | D:3      | Killed Ijyb
  4053 | D:3      | Killed Crazy Yiuf
  4149 | D:4      | Noticed an ogre
  4331 | D:4      | Killed an ogre
  4332 | D:4      | Reached XP level 6. HP: 6/57 MP: 6/6
  5128 | D:5      | Entered Level 5 of the Dungeon
  5142 | D:5      | Reached skill level 4 in Axes
  5171 | D:5      | Reached skill level 5 in Axes
  5171 | D:5      | Reached skill level 1 in Dodging
  5171 | D:5      | Reached XP level 7. HP: 5/66 MP: 7/7
  5686 | D:5      | Killed from afar by an acid dragon

Illustrated notes

Levels and vault maps discovered:
D:1:      dpeg_arrival_tiny_a, layout_loops_corners,
          chequers_ecumenical_altar_island
D:2:      layout_rooms, minmay_misc_feat_diagonals, uniq_robin
D:3:      layout_loops_ring, hangedman_abyss_or_decor_lesser_grid, uniq_ijyb,
          uniq_crazy_yiuf_cottage
D:4:      layout_cave_pools
D:5:      layout_loops_ring, lemuel_zombie_altar_kikubaaqudgha,
          minmay_temple_entry_tees, grunt_ministairs_3, minmay_manual_monolith,
          uniq_blork_the_orc

Skill      XL: |  1  2  3  4  5  6 |
---------------+-------------------+-----
Armour         | 3 4 |  4.5
Axes           | 3 5 |  5.4
Shields        | 3 |  3.6
Fighting       | 4 |  4.4
Dodging        | 1 |  1.4
Stealth        | |  0.5

Action                   |  1- 3 |  4- 6 |  7- 9 || total
-------------------------+-------+-------+-------++-------
Melee: War axe           |   128 |    48 |       ||   176
       Hand axe          |       |   138 |    11 ||   149
Throw: Dart              |       |       |     4 ||     4
       Throwing net      |       |       |     1 ||     1
 Abil: Spit Poison       |       |     5 |     1 ||     6
  Use: Potion            |       |     5 |     1 ||     6
       Scroll            |       |     6 |     1 ||     7
Armor: Scale mail        |    76 |    34 |       ||   110
       Storm dragon scal |       |   100 |    16 ||   116
       Skin              |       |    53 |       ||    53
Dodge: Dodged            |    31 |    31 |     8 ||    70
Block: Kite shield       |    64 |   137 |    17 ||   218

Table legend: (Time is in decaauts)
 A = Elapsed time spent in this place.
 B = Non-inter-level travel time spent in this place.
 C = Inter-level travel time spent in this place.
 D = Time resting spent in this place.
 E = Time spent auto-exploring this place.
 F = Levels seen in this place.
 G = Mean time per level.
                   A        B        C        D        E       F      G
               +--------+--------+--------+--------+--------+-----+--------+
         Total |   6846 |   6681 |    165 |   1137 |   4620 |   5 | 1369.2 |
       Dungeon |   6846 |   6681 |    165 |   1137 |   4620 |   5 | 1369.2 |
               +--------+--------+--------+--------+--------+-----+--------+

Top non-repeatable levels by time:
     D:3: 1919 daAuts
     D:1: 1845 daAuts
     D:2: 1678 daAuts
     D:4: 825 daAuts
     D:5: 577 daAuts
